 Dungeon Crawl Stone Soup version 0.30-a0-371-gad7725a93e (webtiles) character file.

Game seed: 16273025959803381057

48 kiwi3s the Magician (level 3, 0/19 HPs)
             Began as a Deep Elf Venom Mage on Nov 22, 2022.
             Slain by a hobgoblin (3 damage)
             ... led by Robin
             ... on level 1 of the Dungeon.
             The game lasted 00:11:17 (1589 turns).

kiwi3s the Magician (Deep Elf Venom Mage)           Turns: 1589, Time: 00:11:18

Health: 0/19       AC:  2    Str:  5    XL:     3   Next: 50%
Magic:  2/10       EV: 12    Int: 21    God:
Gold:   140        SH:  0    Dex: 15    Spells: 4/10 levels left

rFire   . . .      SeeInvis .    (no weapon)
rCold   . . .      Faith    .    (no shield)
rNeg    . . .      Spirit   .    a - +0 robe
rPois   .          Reflect  .    (no helmet)
rElec   .          Harm     .    (no cloak)
rCorr   .          Rampage  .    (no gloves)
Will    .....                    (no boots)
Stlth   ++........               (no amulet)
HPRegen 0.23/turn                (no ring)
MPRegen 0.12/turn                (no ring)

@: no status effects
A: no striking features
a: no special abilities


You were on level 1 of the Dungeon.
You visited 1 branch of the dungeon, and saw 2 of its levels.

You collected 140 gold pieces.

Inventory:

Armour
 a - a +0 robe (worn)
Scrolls
 e - a scroll of identify {unknown}
 g - a scroll of fear {unknown}
 h - a scroll of enchant weapon {unknown}
 i - a scroll of blinking {unknown}
Potions
 b - a potion of magic
 c - a potion of berserk rage {unknown}
 d - a potion of flight {unknown}
 f - a potion of attraction {unknown}


   Skills:
 + Level 2.5 Dodging
 + Level 2.5 Stealth
 - Level 0.1 Unarmed Combat
 + Level 4.0 Spellcasting
 - Level 2.0 Transmutations
 + Level 3.9 Poison Magic


You had 4 spell levels left.
You knew the following spells:

 Your Spells              Type           Power      Damage    Failure   Level
a - Sting                 Tmut/Pois      64%        1d6       3%          1
b - Mephitic Cloud        Conj/Pois/Air  9%         N/A       22%         3
c - Poisonous Vapours     Pois/Air       24%        N/A       9%          2

Your spell library contained the following spells:

 Spells                   Type           Power      Damage    Failure   Level
 Wereblood                Tmut           12%        N/A       8%          2
 Sublimation of Blood     Necr           4%         N/A       19%         2
 Olgreb's Toxic Radiance  Pois           20%        N/A       24%         4
 Summon Hydra             Summ           2%         N/A       100%        7


Dungeon Overview and Level Annotations

Branches:
Dungeon (2/15)

Altars:

Shops:
D:1 =

Annotations:
D:2 Robin


Message History

Robin roars a battlecry!
The goblins go into a battle-frenzy!
A hobgoblin comes into view.
The hobgoblin attacks as you move away! The hobgoblin hits you.
Robin roars a battlecry!
You hear a shout!
The hobgoblin attacks as you move away! The hobgoblin hits you.
Aiming: Sting (safe; 3% risk of failure)
Press: ? - help, Q - select action, (/) - cycle Shift-Dir - straight line, f - hobgoblin
Aim: a hobgoblin (strong, 74% to hit)
The sting hits the hobgoblin.
The hobgoblin is poisoned.
The hobgoblin is lightly wounded.
The hobgoblin completely misses you.
Robin roars a battlecry!
The hobgoblin attacks as you move away! The hobgoblin hits you.
The hobgoblin attacks as you move away! The hobgoblin hits you.
The hobgoblin attacks as you move away! The hobgoblin hits you!
* * * LOW HITPOINT WARNING * * *
The goblin no longer looks unusually strong.
The hobgoblin looks more healthy.
The hobgoblin attacks as you move away! The hobgoblin barely misses you.
The hobgoblin no longer looks unusually strong.
The hobgoblin attacks as you move away! The hobgoblin hits you.
* * * LOW HITPOINT WARNING * * *
The hobgoblin attacks as you move away! The hobgoblin hits you.
* * * LOW HITPOINT WARNING * * *
The hobgoblin attacks as you move away! The hobgoblin closely misses you.
There is a stone staircase leading up here.
The hobgoblin closely misses you.
Robin roars a battlecry!
The goblins go into a battle-frenzy!
You climb upwards.
There is a stone staircase leading down here.
Aiming: Sting (safe; 3% risk of failure)
Press: ? - help, Q - select action, (/) - cycle Shift-Dir - straight line, f - hobgoblin
Aim: a hobgoblin (heavily wounded, strong, 74% to hit)
The sting hits the hobgoblin.
The hobgoblin is poisoned.
The hobgoblin is severely wounded.
The hobgoblin hits you.
You die...

.+.........'.......#
##.........####....#
###.......######.#.##
.###.....##.........#
.# ##...###.###.....#
.# ##'## #.# #.###.#
.# #.# #.# #.# #.# .#
###.## #.###.###.# .#
#....# #....g@...# ##
#....#######.#####
.###.....######.#
................#
.###.#..######### ##
#....# # ######


You could see a hobgoblin (strong, poisoned).

Vanquished Creatures
  2 worms (D:2)
  4 bats
  3 endoplasms (D:1)
  8 goblins
  3 hobgoblins (D:1)
  3 jackals (D:2)
  2 quokkas (D:1)
  7 ball pythons
  2 frilled lizards (D:2)
  A kobold (D:1)
  6 rats (D:1)
41 creatures vanquished.

Notes
Turn   | Place    | Note
-------+----------+-------------------------------------------
     0 | D:1      | kiwi3s the Deep Elf Venom Mage began the quest for the Orb.
     0 | D:1      | Reached XP level 1. HP: 10/10 MP: 6/6
   248 | D:1      | Found Jyamiybb's Jewellery Emporium.
   311 | D:1      | Reached XP level 2. HP: 15/15 MP: 6/8
  1131 | D:2      | Reached XP level 3. HP: 19/19 MP: 8/10
  1365 | D:2      | Learned a level 3 spell: Mephitic Cloud
  1538 | D:2      | Learned a level 2 spell: Poisonous Vapours
  1538 | D:2      | Noticed Robin
  1553 | D:2      | Reached skill level 4 in Spellcasting
  1589 | D:1      | Slain by a hobgoblin

Illustrated notes

Levels and vault maps discovered:
D:1:      grunt_arrival_crossed_arrows, layout_loops_corners, serial_shops,
          shop, grunt_decor_mini_mirrors
D:2:      layout_rooms, hangedman_glass_garden, uniq_robin

Skill      XL: |  1  2  3 |
---------------+----------+-----
Transmutations | 2 |  2.0
Spellcasting   | 4 |  4.0
Dodging        | |  2.5
Stealth        | |  2.5
Unarmed Combat | |  0.1
Poison Magic   | |  3.9

Action                   || total
-------------------------++-------
Melee: Unarmed           ||     2
 Cast: Sting             ||    60
       Poisonous Vapours ||     4
Armor: Robe              ||     7
Dodge: Dodged            ||    30

Table legend: (Time is in decaauts)
 A = Elapsed time spent in this place.
 B = Non-inter-level travel time spent in this place.
 C = Inter-level travel time spent in this place.
 D = Time resting spent in this place.
 E = Time spent auto-exploring this place.
 F = Levels seen in this place.
 G = Mean time per level.
                   A        B        C        D        E       F      G
               +--------+--------+--------+--------+--------+-----+--------+
         Total |   1589 |   1541 |     48 |     53 |   1153 |   2 |  794.5 |
       Dungeon |   1589 |   1541 |     48 |     53 |   1153 |   2 |  794.5 |
               +--------+--------+--------+--------+--------+-----+--------+

Top non-repeatable levels by time:
     D:1: 1105 daAuts
     D:2: 483 daAuts
